 Dungeon Crawl Stone Soup version 0.29.1-4-g47bece8355 (webtiles) character file.

Game seed: 15714020157224099510

2737 GorkyZ the Trooper (level 9, -6/54 HPs)
             Began as a Gargoyle Gladiator on Dec 4, 2022.
             Was an Initiate of Gozag.
             Mangled by an orc warrior
             ... wielding a +0 glaive
              (12 damage)
             ... on level 7 of the Dungeon.
             The game lasted 00:19:47 (7143 turns).

GorkyZ the Trooper (Gargoyle Gladiator)             Turns: 7143, Time: 00:19:49

Health: -6/54      AC: 16    Str: 22    XL:     9   Next: 67%
Magic:  9/9        EV: 14    Int:  9    God:    Gozag
Gold:   643        SH:  0    Dex: 18    Spells: 8/8 levels left

rFire   . . .      SeeInvis .   D - +9 flail of Sosith {flame, Dex+7}
rCold   . . .      Faith    .   (no shield)
rNeg    + . .      Spirit   .   G - +3 leather armour
rPois   ∞          Reflect  .   c - +1 helmet
rElec   +          Harm     .   (no cloak)
rCorr   .          Rampage  .   A - +0 pair of gloves
Will    +....                   (no boots)
Stlth   +.........              (no amulet)
HPRegen 0.18/turn               l - ring of willpower
MPRegen 0.11/turn               x - +4 ring of slaying

@: gold aura
A: sickness immunity, AC +6, negative energy resistance 1, electricity
resistance, torment resistance 1, petrification resistance
a: Renounce Religion, Potion Petition, Call Merchant, Bribe Branch


You were on level 7 of the Dungeon.
You worshipped Gozag.
Gozag was pleased with you.
You visited 2 branches of the dungeon, and saw 8 of its levels.

You collected 922 gold pieces.
You spent 200 gold pieces at shops.
You paid 79 gold pieces to Gozag.

Inventory:

Hand Weapons
 a - a +0 quarterstaff
 g - a +0 hand axe
 p - a +0 hand axe of freezing
 w - a +0 whip of freezing
 D - the +9 flail of Sosith (weapon) {flame, Dex+7}
   (You found it on level 5 of the Dungeon)

   It burns those it strikes, dealing additional fire damage.
   Dex:       It affects your dexterity (+7).
 F - a +4 morningstar
Missiles
 d - 3 throwing nets
 e - 5 javelins
 u - 6 boomerangs (quivered)
 J - 3 poisoned darts
 K - a curare-tipped dart
Armour
 b - a +0 leather armour
 c - a +1 helmet (worn)
 o - a +0 ring mail
 s - a +0 scale mail
 A - a +0 pair of gloves (worn)
 B - a +0 chain mail
 C - a +0 scale mail
 G - a +3 leather armour (worn)
Jewellery
 h - an amulet of magic regeneration
 l - a ring of willpower (left hand)
 v - a ring of flight
 x - a +4 ring of slaying (right hand)
 L - a +6 ring of strength
Wands
 M - a wand of flame (9)
 N - a wand of paralysis (1)
 O - a wand of acid (6)
Scrolls
 f - 3 scrolls of teleportation
 i - a scroll of magic mapping
 y - 4 scrolls of identify
 H - 2 scrolls of amnesia {unknown}
 I - a scroll of vulnerability {unknown}
Potions
 j - 4 potions of magic
 k - 2 potions of degeneration {unknown}
 m - 3 potions of mutation
 n - 2 potions of brilliance
 q - 4 potions of lignification
 r - 2 potions of berserk rage
 t - a potion of haste {unknown}
 z - 3 potions of attraction {unknown}
 E - a potion of resistance {unknown}


   Skills:
 + Level 5.5 Fighting
 - Level 3.4(3.6) Axes
 + Level 1.8(4.5) Maces & Flails
 - Level 5.1(5.3) Staves
 + Level 4.4 Throwing
 + Level 4.7 Armour
 + Level 4.5 Dodging
 + Level 5.0 Shields
 + Level 4.0 Evocations


You had 8 spell levels left.
You didn't know any spells.
Your spell library contained the following spells:

 Spells                   Type           Power      Damage    Failure   Level
 Cause Fear               Hex            0%         N/A       99%         4
 Dragon Form              Tmut           0%         N/A       100%        7
 Dragon's Call            Summ           0%         N/A       100%        9


Dungeon Overview and Level Annotations

Branches:
Dungeon (7/15)             Temple (1/1) D:4

Altars:
Ashenzari
Cheibriados
Dithmenos
Elyvilon
Fedhas
Gozag
Hepliaklqana
Kikubaaqudgha
Makhleb
Okawaru
Qazlal
Sif Muna
Trog
Uskayaw
Vehumet
Wu Jian
Xom
Zin
The Shining One

Shops:
D:5 :   D:6 *

Annotations:
Temple 2 transporters


Innate Abilities, Weirdness & Mutations

You are immune to sickness and miasma.
Your stone body is resilient. (AC +6)
You are immune to poison.
You resist negative energy. (rN+)
You are resistant to electric shocks. (rElec)
You are resistant to unholy torment.
You are immune to petrification.


Message History

An orc warrior comes into view. It is wielding a +0 glaive.
Found a pair of gloves.
The orc warrior shouts!
You sock the orc! You burn the orc.
You kill the orc!
The centaur shoots an arrow.
The arrow hits you.
An orc wizard comes into view. It is wielding a +0 dagger.
The centaur shoots an arrow.
The arrow closely misses you.
Your Evocations skill increases to level 4!
The centaur unwields a +0 shortbow.
The centaur barely misses you. The centaur misses you.
The orc warrior hits you from afar with a +0 glaive.
Things that are here:
5 gold pieces; a +0 war axe; a +0 leather armour You sock the centaur!
You burn the centaur.
The centaur is severely wounded.
The centaur hits you but does no damage.
The centaur barely misses you. The orc warrior misses you.
The orc wizard casts a spell.
The orc wizard flickers and vanishes!
Deactivating autopickup; reactivate with Ctrl-A.
The centaur completely misses you. The centaur barely misses you.
You bludgeon the centaur!! You burn the centaur.
You kill the centaur!
The orc warrior hits you from afar with a +0 glaive!
Your Shields skill increases to level 5!
Something hits you but does no damage.
The orc warrior hits you with a +0 glaive!
* * * LOW HITPOINT WARNING * * *
Things that are here:
19 gold pieces; a +0 shortbow You sock the orc warrior!
You burn the orc warrior.
The orc warrior is moderately wounded.
Something hits you but does no damage.
The orc warrior hits you but does no damage.
Something hits you.
* * * LOW HITPOINT WARNING * * *
The orc warrior hits you with a +0 glaive!
You die...
Your body crumbles into a pile of gold.

...'......##.....## .
####......#.......#.#.
#......#.......#..
######....._.....#
#.#.......#
#.#.......#
#.##.$...## .#
#.####.####..#
#......$@o.[#
#########.### ...
..... ..#### ######
..# #....# ..# #....#
#..# #....# #..# #


You could see an orc warrior.

Vanquished Creatures
  Pikel (D:4)
  The ghost of laros the Cleaver, a novice MiBe of Trog (D:5)
  Grinder (D:4)
  Sigmund (D:5)
  Eustachio (D:4)
  A sky beast (D:7)
  A phantom (D:5)
  4 centaurs
  A kobold brigand (D:6)
  3 wights (D:7)
  A vampire bat (D:4)
  A hound (D:4)
  7 orc priests
  2 jellies
  Natasha (thrice) (D:3)
  2 iguanas
  3 orc wizards
  4 adders
  A shadow imp (D:6)
  2 dart slugs
  3 fire bats (D:4)
  A worm (D:3)
  18 orcs
  2 spectral bats (D:4)
  5 ball pythons
  15 bats
  3 bat skeletons (D:4)
  A bat zombie (D:4)
  7 endoplasms
  A giant cockroach (D:3)
  7 goblins
  5 hobgoblins
  9 kobolds
  A quokka (D:1)
  A bat simulacrum (D:4)
  2 frilled lizards
  5 rats
127 creatures vanquished.

Notes
Turn   | Place    | Note
-------+----------+-------------------------------------------
     0 | D:1      | GorkyZ the Gargoyle Gladiator began the quest for the Orb.
     0 | D:1      | Reached XP level 1. HP: 12/12 MP: 1/1
   373 | D:1      | Reached XP level 2. HP: 11/17 MP: 2/2
   965 | D:1      | You fall into a shaft and drop 1 floor!
  1024 | D:2      | Reached XP level 3. HP: 18/22 MP: 3/3
  1081 | D:2      | Found a snail-covered altar of Cheibriados.
  1119 | D:2      | Reached skill level 1 in Armour
  1440 | D:2      | Reached skill level 1 in Shields
  1555 | D:2      | Found a faded altar of an unknown god.
  1717 | D:3      | Reached XP level 4. HP: 27/27 MP: 4/4
  1739 | D:3      | Noticed Natasha
  1747 | D:3      | Killed Natasha
  1756 | D:3      | Reached skill level 1 in Axes
  1756 | D:3      | Reached skill level 1 in Evocations
  1914 | D:3      | Found a shadowy altar of Dithmenos.
  1964 | D:3      | Noticed Natasha
  1973 | D:3      | Killed Natasha
  1974 | D:3      | Reached XP level 5. HP: 20/31 MP: 5/5
  2092 | D:3      | Noticed Natasha
  2103 | D:3      | Killed Natasha
  2161 | D:3      | Found a hazy altar of Hepliaklqana.
  2427 | D:4      | Noticed Pikel
  2427 | D:4      | Noticed a lemure
  2457 | D:4      | HP: 1/32 [Pikel/+0 whip of freezing (2)]
  2477 | D:4      | Killed Pikel
  2478 | D:4      | Reached XP level 6. HP: 28/37 MP: 6/6
  2478 | D:4      | Reached XP level 7. HP: 31/41 MP: 7/7
  2598 | D:4      | Found a shimmering blue altar of Sif Muna.
  2710 | D:4      | Found a staircase to the Ecumenical Temple.
  2747 | D:4      | Noticed Grinder
  2758 | D:4      | Paralysed by Grinder for 5 turns
  2767 | D:4      | Killed Grinder
  2768 | D:4      | Reached XP level 8. HP: 23/48 MP: 8/8
  2793 | Temple   | Entered the Ecumenical Temple
  2793 | Temple   | Found a transporter.
  2793 | Temple   | Found a transporter.
  2795 | Temple   | Found a transporter.
  2795 | Temple   | Found a transporter.
  2817 | Temple   | Became a worshipper of Gozag Ym Sagoz the Greedy
  3352 | D:4      | Noticed Eustachio
  3406 | D:4      | Killed Eustachio
  3580 | D:4      | Found a blossoming altar of Fedhas.
  4081 | D:5      | Entered Level 5 of the Dungeon
  4287 | D:5      | Noticed Sigmund
  4298 | D:5      | Killed Sigmund
  4363 | D:5      | Found a runed translucent gate.
  4365 | D:5      | Found a runed translucent gate.
  4383 | D:5      | Found a stormy altar of Qazlal.
  5115 | D:5      | Identified the +9 flail of Sosith {flame, Dex+7}
  5188 | D:5      | Found Wyfir's Book Boutique.
  5332 | D:5      | Found a runed translucent gate.
  5335 | D:5      | Noticed laros's ghost (novice MiBe)
  5706 | D:5      | Killed laros's ghost
  5707 | D:5      | Reached skill level 5 in Staves
  5707 | D:5      | Reached XP level 9. HP: 18/53 MP: 9/9
  5982 | D:5      | Reached skill level 5 in Fighting
  6360 | D:6      | Found Noumn's Assorted Antiques.
  6383 | D:6      | Bought a short fluorescent wand for 100 gold pieces
  6383 | D:6      | Bought a blackened iron wand for 100 gold pieces
  6703 | D:6      | Noticed an angel
  6704 | D:6      | Found a glowing silver altar of Zin.
  6835 | D:7      | Reached skill level 1 in Maces & Flails
  7127 | D:7      | Found a hide-covered altar of Uskayaw.
  7142 | D:7      | Reached skill level 5 in Shields
  7143 | D:7      | Mangled by an orc warrior

Illustrated notes

Levels and vault maps discovered:
D:1:      wander_arrival_abandoned_jail, layout_basic,
          chequers_serial_rivers_micro_c, hangedman_decor_diamond_cutter,
          corner_web_ring, dk_noncrumbling_4, dreamdust_wishing_well
D:2:      layout_basic, basic_altar, shapermc_ecumenical_altar_mp_vishouse
D:3:      layout_rooms, general_overflow_altar, amcnicky_altar_gilded,
          uniq_natasha
D:4:      layout_cave_pods, lemuel_doored_altar, fedhas_altar_1,
          minmay_temple_entry_mist, goddamned_bats, uniq_grinder,
          uniq_eustachio, uniq_pikel
D:5:      layout_layer_cave, mainiacjoe_overflow_small_starburst,
          biasface_ghost_orc_armoury, serial_shops, nicolae_square_shop,
          uniq_sigmund
D:6:      layout_loops_ring, zin_angel, serial_shops, nicolae_shop_stone
D:7:      layout_basic, old_standard_altar
Temple:   hellmonk_temple_divided_pantheon

Skill      XL: |  1  2  3  4  5  6  7  8  9 |
---------------+----------------------------+-----
Throwing       | 2 3 4 |  4.4
Armour         | 1 2 3 4 |  4.7
Shields        | 1 2 3 4 5 |  5.0
Axes           | 1 2 3 |  3.4
Evocations     | 1 2 3 4 |  4.0
Fighting       | 3 4 5 |  5.5
Staves         | 4 5 |  5.1
Dodging        | 3 4 |  4.5
Maces & Flails | 1 |  1.8

Action                   |  1- 3 |  4- 6 |  7- 9 || total
-------------------------+-------+-------+-------++-------
Melee: Quarterstaff      |    99 |    84 |   211 ||   394
       Flail             |       |       |    52 ||    52
Throw: Boomerang         |       |       |     7 ||     7
       Javelin           |       |       |     2 ||     2
  Use: Scroll            |     6 |       |     9 ||    15
       Potion            |       |     3 |     3 ||     6
 Stab: Sleeping          |       |       |     1 ||     1
Armor: Leather armour    |    18 |       |    34 ||    52
       Ring mail         |     9 |    31 |       ||    40
       Scale mail        |       |    31 |   181 ||   212
Dodge: Dodged            |    65 |    63 |   243 ||   371
